Map: Blackpink LE

Players

Kaszanas

  • Race: Protoss Protoss
  • League: Diamond
  • Spawn Location: 1:00

KierowcaPKS - Winner!

  • Race: Terran Terran
  • League: Master
  • Spawn Location: 7:00

VOD

Have the link to the VOD?

Description

Time

  • Played on: Dec. 14, 2017, 11:30 a.m.
  • Length: 9:52
Show
View Real Time Build Order
Export as new Build Order

Kaszanas Protoss 

Build Orders: 1 Gate Expand 

Get SALT Encoding   

  12  0:00  Probe  
  13  0:12  Probe  
  14  0:17  Pylon  
  14  0:24  Probe  
  15  0:36  Probe (Chrono Boost)  
  15  0:38  Gateway  
  16  0:45  Assimilator  
  16  0:49  Probe (Chrono Boost)  
  17  0:56  Probe (Chrono Boost)  
  18  1:03  Probe  
  19  1:22  Nexus  
  19  1:32  Cybernetics Core  
  19  1:35  Probe  
  20  1:40  Assimilator  
  20  1:53  Probe (Chrono Boost)  
  21  2:04  Probe (Chrono Boost)  
  21  2:07  Pylon  
  22  2:11  Probe, Warp Gate  
  23  2:25  Stalker (Chrono Boost)  
  25  2:48  Probe x2  
  27  3:00  Probe x2 (Chrono Boost)  
  27  3:04  Robotics Facility  
  29  3:08  Gateway  
  29  3:12  Probe (Chrono Boost)  
  31  3:18  Stalker (Chrono Boost)  
  34  3:22  Probe x2 (Chrono Boost)  
  34  3:24  Probe  
  34  3:26  Probe  
  36  3:36  Probe  
  36  3:39  Probe  
  38  3:42  Pylon  
  38  3:48  Probe, Stalker (Chrono Boost)  
  40  3:51  Probe  
  40  3:52  Immortal (Chrono Boost), Assimilator  
  36  4:18  Probe x2  
  38  4:30  Probe  
  38  4:31  Stalker x2  
  43  4:36  Immortal (Chrono Boost)  
  43  4:38  Probe  
  48  4:42  Probe  
  47  4:46  Pylon  
  45  4:53  Stalker  
  45  4:54  Stalker  
  49  5:04  Probe x2  
  51  5:12  Robotics Facility  
  51  5:16  Probe  
  46  5:36  Stalker x2  
  46  5:38  Immortal (Chrono Boost)  
  54  5:49  Assimilator  
  54  5:57  Twilight Council  
  54  5:58  Gateway  
  54  5:59  Gateway  
  54  6:00  Stalker x2  
  58  6:05  Pylon  
  62  6:18  Immortal (Chrono Boost)  
  50  6:26  Immortal (Chrono Boost)  
  50  6:31  Sentry  
  50  6:45  Probe x2  
  52  6:49  Immortal (Chrono Boost)  
  56  6:57  Probe x2  
  58  7:02  Immortal (Chrono Boost)  
  58  7:07  Zealot x3  
  68  7:12  Zealot  
  70  7:19  Pylon  
  70  7:21  Pylon  
  70  7:23  Pylon x2  
  70  7:38  Immortal x2, Pylon  
  70  7:40  Probe x2  
  80  7:52  Probe  
  80  7:53  Probe  
  82  8:05  Probe, Zealot x3  
  86  8:21  Templar Archives  
  86  8:25  Zealot x4  
  51  8:49  Zealot x4  
  51  8:50  Probe  
  51  8:51  Probe  
  51  8:53  Immortal (Chrono Boost)  
  69  9:03  Probe x2  
  69  9:04  Immortal (Chrono Boost)  
  69  9:09  High Templar x2  
  75  9:10  High Templar  
  75  9:15  Archon, Probe  
  82  9:31  High Templar  
  82  9:38  Archon  
Show
View Real Time Build Order
Export as new Build Order

KierowcaPKS Terran - Winner!

Build Orders: Cyclone Opening, Reaper Expand, Mech 

Get SALT Encoding   

  12  0:01  SCV  
  13  0:13  SCV  
  14  0:20  Supply Depot  
  14  0:25  SCV  
  15  0:28  Refinery  
  15  0:42  SCV  
  16  0:46  Barracks  
  16  0:54  SCV  
  17  1:06  SCV  
  18  1:18  SCV  
  19  1:32  Orbital Command  
  19  1:33  Reaper  
  20  1:48  Command Center  
  20  1:57  Factory  
  20  2:02  SCV  
  21  2:14  Refinery  
  21  2:15  Barracks Reactor, SCV  
  22  2:21  Supply Depot  
  22  2:27  SCV  
  23  2:42  SCV  
  24  2:54  SCV  
  24  2:57  Cyclone  
  28  2:59  Cyclone  
  28  3:00  Orbital Command  
  28  3:05  Marine  
  32  3:07  SCV  
  33  3:17  Supply Depot  
  33  3:19  SCV  
  34  3:25  SCV  
  35  3:29  Cyclone  
  35  3:31  SCV  
  39  3:37  Supply Depot  
  39  3:38  SCV  
  39  3:39  Cyclone  
  43  3:44  SCV  
  44  3:50  SCV  
  44  3:54  Supply Depot  
  45  3:56  SCV  
  45  4:02  SCV  
  47  4:04  Refinery x2  
  47  4:09  SCV  
  47  4:11  Cyclone  
  47  4:16  SCV  
  45  4:20  Cyclone  
  45  4:22  SCV  
  49  4:31  Factory  
  49  4:34  Barracks Tech Lab, SCV  
  49  4:35  SCV  
  51  4:41  Command Center  
  48  4:49  Cyclone  
  48  4:50  SCV x2  
  50  4:55  Cyclone  
  53  5:01  Supply Depot  
  53  5:02  SCV  
  53  5:03  SCV  
  55  5:11  Factory  
  55  5:14  SCV  
  55  5:23  Cyclone  
  55  5:28  SCV  
  58  5:35  SCV  
  59  5:38  Factory  
  59  5:39  Siege Tank  
  59  5:40  Cyclone  
  65  5:44  SCV  
  65  5:46  Supply Depot  
  65  5:47  SCV  
  67  5:54  Starport  
  67  5:56  SCV  
  68  5:59  SCV  
  69  6:06  Factory Tech Lab  
  69  6:08  Barracks Reactor, SCV  
  69  6:12  Supply Depot  
  69  6:18  Cyclone x2  
  70  6:24  Factory Tech Lab  
  70  6:26  SCV x2  
  70  6:31  Orbital Command  
  72  6:38  SCV x2  
  74  6:42  Siege Tank  
  74  6:43  Hellion x2  
  74  6:44  Starport Reactor  
  81  6:50  SCV x2  
  81  6:51  Armory  
  81  6:54  Hellion x2  
  87  6:58  Armory  
  87  7:00  SCV  
  88  7:02  SCV  
  88  7:04  Refinery x2  
  89  7:11  Hellion  
  89  7:12  Infernal Pre-Igniter, SCV  
  89  7:15  SCV x2  
  94  7:16  Supply Depot  
  94  7:23  Siege Tank  
  94  7:24  Hellion  
  94  7:29  Supply Depot  
  99  7:35  Hellion x2  
  99  7:36  SCV x3  
  106  7:38  Terran Vehicle Weapons Level 1  
  106  7:45  Terran Vehicle And Ship Armor Level 1  
  106  7:46  Siege Tank  
  106  7:48  SCV x3  
  112  7:59  Siege Tank, Hellion  
  112  8:00  Supply Depot, SCV x3  
  112  8:02  Siege Tank  
  112  8:04  Engineering Bay  
  123  8:12  Hellion  
  125  8:16  Supply Depot  
  125  8:18  Supply Depot  
  125  8:21  Siege Tank, SCV  
  125  8:26  Hellion  
  131  8:31  Siege Tank  
  131  8:33  Liberator, Hellion  
  131  8:34  Siege Tank, Liberator  
  121  8:36  SCV  
  121  8:37  SCV  
  115  8:47  Hellion  
  108  8:54  Hellion  
  108  8:55  Hellion  
  118  9:03  Hellion  
  118  9:04  Factory  
  118  9:05  Command Center  
  118  9:06  Hellion  
  118  9:07  SCV  
  123  9:13  Starport  
  123  9:18  Siege Tank, Hellion x2  
  130  9:28  Hellion  
  139  9:38  Command Center  
Tags
 
Add a new tag
Caveats
  • Supply blocks, unpowered buildings, or Contaminate may cause inaccurate times.
  • Supply counts are checked every 10 seconds.